 Dungeon Crawl Stone Soup version 0.17.1-3-g152610e (webtiles) character file.

3083 kaze the Ducker (level 9, 0/89 HPs)
             Began as a Troll Berserker on Feb 29, 2016.
             Was an Elder of Trog.
             Slain by Sar's ghost (10 damage)
             ... on level 8 of the Dungeon.
             The game lasted 00:22:25 (6929 turns).

kaze the Ducker (Troll Berserker)                   Turns: 6929, Time: 00:22:26

Health: 0/89       AC: 10    Str: 30      XL:     9   Next: 58%
Magic:  8/8        EV: 11    Int:  6      God:    Trog [****..]
Gold:   467        SH:  0    Dex:  8 (9)  Spells: 0 memorised, 8 levels left

rFire  x . .     SeeInvis .     B - +1 battleaxe
rCold  + + .     Clarity  .     q - +2 robe {rC+}
rNeg   . . .     SustAt   .     (shield currently unavailable)
rPois  .         Gourm    +     (helmet restricted)
rElec  .         Spirit   .     m - +2 cloak
rCorr  .         Warding  .     (gloves unavailable)
rMut   .         Stasis   .     (boots unavailable)
MR     ++...                    (no amulet)
Stlth  +.........               o - ring of ice
                                n - +3 ring of intelligence

@: lethally poisoned (0 -> 0), exhausted, regenerating, slowed, drained, very
slow, very resistant to hostile enchantments, very unstealthy
A: unfitting armour, claws 3, fast metabolism 3, gourmand, regeneration 2,
shaggy fur 1, tough skin 2
a: Berserk, Trog's Hand, Brothers in Arms, Burn Spellbooks, Renounce Religion


You were on level 8 of the Dungeon.
You worshipped Trog.
Trog was greatly pleased with you.
You were very full.

You visited 1 branch of the dungeon, and saw 8 of its levels.

You collected 467 gold pieces.

Inventory:

Hand Weapons
 B - a +1 battleaxe (weapon)
Missiles
 l - 9 tomahawks (quivered)
Armour
 f - a +0 cloak of poison resistance
 m - a +2 cloak (worn)
 q - a +2 robe of cold resistance (worn)
Jewellery
 n - a +3 ring of intelligence (left claw)
 o - a ring of ice (right claw)
 I - a +4 ring of protection {unknown}
 M - a +1 ring of protection {unknown}
Wands
 v - a wand of cold (6)
 L - a wand of random effects (13)
Scrolls
 a - a scroll of magic mapping {unknown}
 e - 6 scrolls of remove curse
 g - 3 scrolls of teleportation {unknown}
 k - 2 scrolls of blinking
 w - 2 scrolls of noise {unknown}
 x - a scroll of fog
 y - 3 scrolls of identify {unknown}
 z - 2 scrolls of amnesia {unknown}
 D - a scroll of fear {unknown}
 E - 2 scrolls of recharging
 G - a scroll of vulnerability {unknown}
 J - a scroll of enchant armour
 K - a scroll of immolation {unknown}
Potions
 c - a potion of invisibility {unknown}
 d - 2 potions of curing {unknown}
 j - a potion of ambrosia {unknown}
 p - a potion of brilliance {unknown}
 r - 2 potions of degeneration {unknown}
 s - a potion of flight {unknown}
 t - a potion of cancellation {unknown}
 A - a potion of resistance {unknown}
 H - a potion of agility {unknown}
Comestibles
 b - 4 bread rations
 h - 4 fruits
 i - a royal jelly
 u - a slice of pizza
 C - 3 meat rations
 F - 10 chunks of flesh


   Skills:
 + Level 6.1(5.8) Fighting
 + Level 4.4(4.1) Axes
 + Level 0.5(0.2) Throwing
 + Level 7.6(7.3) Dodging
 - Level 0.1(0.0) Stealth
 + Level 6.3(6.0) Unarmed Combat


You had 8 spell levels left.
You didn't know any spells.

Dungeon Overview and Level Annotations

Branches:
Dungeon (8/15)             Temple (0/1) D:6
   Lair: D:8-11

Altars:
Dithmenos
Elyvilon
Fedhas
Kikubaaqudgha
Qazlal
Zin

Annotations:
D:5 Prince Ribbit
D:8 Sar's ghost, novice CeSk


Innate Abilities, Weirdness & Mutations

You are too large for most types of armour.
You have claws for hands.
Your metabolism is lightning-fast.
You like to eat raw meat.
You heal very quickly.
You are covered in fur (AC +1).
You have very tough skin (AC +2).


Message History

You feel sick.
Your skin crawls.
You feel resistant to hostile enchantments.
You feel slightly less full.
You feel sick. Sar's ghost misses you. Sar's ghost closely misses you.
You feel sick.
Found 14 stones.
You fail to use your ability.
Sar's ghost hits you but does no damage.
You are electrocuted!
Sar's ghost hits you!
* * * LOW HITPOINT WARNING * * *
Sar's ghost burns you.
* * * LOW HITPOINT WARNING * * *
Your skin crawls.
You feel resistant to hostile enchantments.
You feel slightly less full.
You feel sick. Sar's ghost barely misses you. Sar's ghost hits you!
* * * LOW HITPOINT WARNING * * *
You feel sick. Sar's ghost hits you!
You die...

###### ....(#
#....# .
#....# #.
#....#
#.#####....#
#.......@..#
.#...###.W..#
<.....##....#
##........#
....##.#####
##..##.##
#..##..##
#W......#
#.####..#


You could see Sar's ghost.

Vanquished Creatures
  The ghost of F1L1N the Ruffian, an amateur TrBe of Trog (D:4)
  Grinder (D:6)
  A two-headed ogre (D:8)
  Sigmund (D:2)
  A hungry ghost (D:7)
  An orc warrior (D:8)
  An ice beast (D:6)
  A black bear (D:7)
  A phantom (D:4)
  2 ogres
  A big kobold (D:7)
  3 centaurs
  Blork the orc (D:5)
  A giant frog (D:7)
  A wyvern skeleton (D:6)
  3 wights (D:6)
  A giant frog zombie (D:5)
  2 crimson imps (D:6)
  A jelly (D:6)
  A giant frog skeleton (D:7)
  A centaur zombie (D:8)
  A centaur skeleton (D:4)
  4 orc priests
  A gnoll shaman (D:4)
  A hound (D:7)
  A quasit (D:8)
  3 worker ants
  4 orc wizards
  Natasha (D:3)
  An iguana (D:4)
  A hound zombie (D:6)
  2 hound skeletons (D:6)
  5 adders
  9 gnolls
  An adder skeleton (D:6)
  2 adder zombies
  2 worms (D:3)
  4 giant geckos
  32 orcs
  9 bats
  6 goblins
  7 hobgoblins
  13 jackals
  11 kobolds
  2 quokkas
  3 ball pythons
  6 giant cockroaches
  2 giant gecko skeletons (D:4)
  7 giant newts
  A jackal skeleton (D:5)
  A jackal zombie (D:5)
  A quokka skeleton (D:5)
  8 rats
179 creatures vanquished.

Notes
Turn   | Place    | Note
--------------------------------------------------------------
     0 | D:1      | kaze the Troll Berserker began the quest for the Orb.
     0 | D:1      | Reached XP level 1. HP: 22/22 MP: 0/0
   306 | D:1      | Reached XP level 2. HP: 29/29 MP: 1/1
  1004 | D:2      | Reached XP level 3. HP: 19/36 MP: 2/2
  1091 | D:2      | Reached ** piety under Trog
  1391 | D:2      | Noticed Sigmund
  1402 | D:2      | Killed Sigmund
  1402 | D:2      | Reached skill level 4 in Unarmed Combat
  1402 | D:2      | Reached XP level 4. HP: 45/45 MP: 3/3
  1402 | D:2      | Reached XP level 5. HP: 53/53 MP: 4/4
  1871 | D:3      | Noticed Natasha
  1887 | D:3      | Killed Natasha
  1887 | D:3      | Reached XP level 6. HP: 55/61 MP: 5/5
  2064 | D:3      | Found a white marble altar of Elyvilon.
  2144 | D:3      | Found a glowing silver altar of Zin.
  2221 | D:3      | Reached *** piety under Trog
  2320 | D:4      | Reached skill level 5 in Unarmed Combat
  2346 | D:4      | Reached XP level 7. HP: 67/70 MP: 6/6
  2383 | D:4      | Noticed F1L1N's ghost (amateur TrBe)
  2392 | D:4      | Killed F1L1N's ghost
  2434 | D:4      | Reached skill level 5 in Dodging
  3045 | D:4      | Reached skill level 6 in Unarmed Combat
  3369 | D:5      | Entered Level 5 of the Dungeon
  3511 | D:5      | Reached XP level 8. HP: 70/79 MP: 7/7
  3764 | D:5      | Found a blossoming altar of Fedhas.
  3765 | D:5      | Found an ancient bone altar of Kikubaaqudgha.
  3843 | D:5      | Noticed Blork the orc
  3857 | D:5      | Killed Blork the orc
  3857 | D:5      | Reached skill level 5 in Fighting
  3857 | D:5      | Reached skill level 1 in Axes
  3921 | D:5      | Found a shadowy altar of Dithmenos.
  4048 | D:5      | Noticed Prince Ribbit
  4069 | D:5      | HP: 2/80 [Prince Ribbit (11)]
  4737 | D:6      | Found a staircase to the Ecumenical Temple.
  4774 | D:6      | Found a stormy altar of Qazlal.
  5204 | D:6      | Noticed Grinder
  5218 | D:6      | Killed Grinder
  5277 | D:7      | Reached XP level 9. HP: 68/88 MP: 8/8
  5379 | D:7      | Reached **** piety under Trog
  5627 | D:7      | Reached skill level 7 in Dodging
  6905 | D:8      | Noticed Sar's ghost (novice CeSk)
  6929 | D:8      | Slain by Sar's ghost

Action                   |  1- 3 |  4- 6 |  7- 9 || total
-------------------------+-------+-------+-------++-------
Melee: Unarmed           |   116 |   101 |    37 ||   254
       Battleaxe         |       |       |   281 ||   281
Throw: Tomahawk          |       |       |    12 ||    12
Invok: Berserk           |     2 |     1 |    12 ||    15
       Trog's Hand       |     1 |     1 |     6 ||     8
       Burn Spellbooks   |       |       |     1 ||     1
  Use: Scroll            |       |     7 |     1 ||     8
 Stab: Sleeping          |       |       |     1 ||     1
  Eat: Chunk             |    19 |    10 |    55 ||    84
       Beef jerky        |       |       |     2 ||     2
       Fruit             |       |       |     1 ||     1
